Map: Winter's Gate LE

Players

Clem - Winner!

  • Race: Terran Terran
  • League: Master
  • Spawn Location: 11:00

soul

  • Race: Terran Terran
  • League: Grandmaster
  • Spawn Location: 5:00

Event: NationWars 2019

VOD

Have the link to the VOD?

Description

Time

  • Played on: Nov. 17, 2019, 5:27 p.m.
  • Length: 10:47
Show
View Real Time Build Order
Export as new Build Order

Clem Terran - Winner!

Build Orders: Gas First Reaper Expand 

Get SALT Encoding   

  12  0:00  SCV  
  13  0:13  SCV  
  14  0:17  Supply Depot  
  14  0:25  SCV  
  15  0:29  Refinery  
  15  0:38  SCV  
  16  0:43  Barracks  
  16  0:50  SCV  
  17  1:03  SCV  
  18  1:15  SCV  
  19  1:30  Orbital Command, Reaper  
  20  1:43  Command Center  
  20  1:54  Factory  
  20  1:58  SCV  
  21  2:06  Barracks Reactor  
  21  2:08  Supply Depot  
  21  2:13  SCV  
  22  2:23  Refinery  
  22  2:25  SCV  
  22  2:37  SCV  
  22  2:38  Hellion  
  22  2:43  Marine x2  
  27  2:44  Starport  
  27  2:49  SCV  
  28  2:56  Orbital Command  
  28  3:01  Factory Tech Lab  
  28  3:04  SCV  
  28  3:06  Marine  
  28  3:07  Marine  
  30  3:18  SCV  
  31  3:22  SCV  
  31  3:25  Medivac, Widow Mine  
  31  3:26  Marine x2  
  38  3:34  SCV, Supply Depot  
  38  3:36  SCV  
  40  3:42  Refinery  
  40  3:46  SCV  
  40  3:47  Marine x2  
  43  3:50  SCV  
  43  3:52  Factory Tech Lab  
  44  3:56  Supply Depot  
  44  4:01  SCV  
  45  4:04  Marine x2  
  45  4:05  SCV  
  45  4:06  Raven  
  50  4:12  Cyclone  
  50  4:15  SCV  
  54  4:17  SCV  
  54  4:19  Supply Depot  
  54  4:22  Marine  
  54  4:23  Marine  
  57  4:27  SCV  
  57  4:29  SCV  
  58  4:39  SCV  
  58  4:44  Marine x2  
  59  4:52  Raven  
  58  4:56  SCV, Siege Tank, Command Center  
  64  5:00  SCV  
  64  5:03  Marine x2  
  66  5:07  Supply Depot  
  66  5:09  SCV  
  66  5:12  SCV  
  66  5:13  Refinery  
  68  5:21  SCV  
  68  5:24  SCV  
  68  5:26  Supply Depot  
  70  5:29  Siege Tank  
  70  5:33  SCV  
  74  5:39  Stimpack  
  74  5:42  Viking x2  
  78  5:44  Supply Depot  
  78  5:48  SCV x2, Marine  
  81  5:52  Barracks  
  81  5:53  Barracks  
  79  6:00  SCV  
  79  6:01  Supply Depot  
  79  6:02  Siege Tank  
  83  6:10  Marine  
  84  6:15  Supply Depot, Viking  
  84  6:17  Viking  
  88  6:20  SCV  
  89  6:27  Supply Depot  
  89  6:28  Orbital Command  
  89  6:32  Marine  
  90  6:35  Siege Tank  
  90  6:37  SCV  
  90  6:38  SCV  
  95  6:42  Barracks Reactor x2  
  95  6:46  Viking  
  97  6:51  Viking  
  99  6:56  Marine  
  99  6:59  SCV  
  99  7:00  Engineering Bay  
  101  7:01  Engineering Bay  
  101  7:05  SCV  
  102  7:14  SCV, Marine  
  103  7:16  Siege Tank  
  103  7:19  SCV  
  104  7:25  Marine x4  
  104  7:26  SCV  
  104  7:29  Barracks x2  
  109  7:34  Terran Infantry Weapons Level 1  
  109  7:35  Terran Infantry Armor Level 1  
  109  7:36  Supply Depot, Marine  
  110  7:37  Medivac  
  110  7:39  Medivac  
  110  7:42  SCV  
  110  7:43  SCV  
  112  7:44  SCV  
  112  7:49  Marine  
  108  7:51  Marine  
  108  7:53  Marine  
  108  7:54  SCV  
  108  7:55  SCV, Marine  
  108  7:56  SCV  
  99  8:00  Marine  
  99  8:03  Combat Shield  
  99  8:04  Siege Tank  
  101  8:07  SCV x2, Marine  
  101  8:09  Marine  
  101  8:10  SCV  
  101  8:11  Armory  
  106  8:14  Marine  
  106  8:19  SCV x2  
  107  8:20  Barracks Reactor x2  
  107  8:23  Medivac, Refinery  
  107  8:24  Refinery  
  107  8:25  Medivac  
  107  8:26  Marine  
  107  8:27  Marine  
  111  8:38  SCV  
  111  8:39  Factory, Marine x2  
  111  8:40  Marine  
  115  8:43  Marine  
  115  8:44  Marine  
  117  8:49  Siege Tank  
  117  8:53  SCV x2  
  117  8:54  SCV, Supply Depot  
  123  8:56  Liberator x2, Marine  
  123  8:57  Marine x3  
  123  9:00  Marine x2  
  129  9:06  Marine  
  129  9:07  Sensor Tower  
  129  9:09  Marine x2  
  125  9:13  Marine  
  131  9:18  Marine x2  
  131  9:21  Marine x2  
  135  9:26  Supply Depot  
  135  9:29  Marine x2  
  137  9:33  Barracks Reactor  
  137  9:36  Marine x4  
  141  9:39  Marine  
  141  9:40  Supply Depot  
  142  9:49  Marine x3  
  145  9:53  Marine x2  
  145  9:54  Supply Depot  
  145  9:58  Marine  
  148  10:03  Supply Depot  
  148  10:10  Siege Tank, Marine  
  148  10:12  Marine  
  148  10:13  Marine  
  151  10:16  Marine  
  151  10:17  Marine  
  151  10:18  Marine x2  
  154  10:21  Marine  
  154  10:23  Marine x2  
  154  10:28  Marine  
  148  10:34  Command Center  
Show
View Real Time Build Order
Export as new Build Order

soul Terran 

Build Orders: Reaper Expand 

Get SALT Encoding   

  12  0:00  SCV  
  13  0:12  SCV  
  14  0:17  Supply Depot  
  14  0:25  SCV  
  15  0:38  SCV  
  15  0:40  Barracks  
  16  0:44  Refinery  
  16  0:50  SCV  
  17  1:02  SCV  
  18  1:14  SCV  
  19  1:28  Orbital Command, Reaper  
  20  1:40  Command Center  
  20  1:52  Supply Depot  
  20  1:54  SCV  
  20  1:59  Marine  
  22  2:06  SCV  
  23  2:09  Factory  
  23  2:19  SCV  
  23  2:22  Refinery  
  24  2:23  Barracks Reactor  
  24  2:31  SCV  
  25  2:44  SCV  
  26  2:54  Hellion  
  26  2:56  SCV  
  29  3:01  Bunker  
  29  3:02  Marine x2  
  29  3:05  Orbital Command  
  30  3:08  SCV  
  30  3:09  Starport  
  30  3:15  Factory Tech Lab  
  30  3:20  SCV, Marine  
  32  3:30  SCV  
  32  3:32  SCV  
  34  3:38  Marine  
  34  3:39  Marine  
  36  3:42  SCV  
  36  3:44  Factory Tech Lab, SCV  
  38  3:51  Raven  
  38  3:53  Supply Depot  
  38  3:54  SCV  
  41  3:56  SCV, Marine  
  41  3:57  Marine  
  44  4:04  Supply Depot  
  44  4:06  SCV  
  44  4:08  SCV  
  46  4:14  Siege Tank, Marine x2  
  51  4:20  Command Center  
  51  4:23  SCV x2  
  52  4:33  Marine  
  52  4:35  SCV x2  
  50  4:46  Siege Tank  
  50  4:47  SCV  
  50  4:48  SCV  
  54  4:59  SCV  
  53  5:00  SCV  
  53  5:03  Barracks  
  53  5:06  Marine  
  44  5:07  Barracks, Stimpack  
  55  5:11  SCV, Refinery  
  55  5:12  SCV, Refinery  
  57  5:15  Supply Depot  
  57  5:16  Starport Reactor  
  57  5:20  Supply Depot  
  57  5:23  SCV  
  57  5:24  Marine  
  57  5:25  SCV  
  60  5:32  Engineering Bay x2  
  60  5:35  SCV  
  60  5:37  SCV  
  60  5:42  Marine  
  63  5:46  Siege Tank  
  63  5:47  SCV  
  63  5:49  SCV  
  68  5:51  Marine x2  
  68  5:56  Supply Depot  
  70  6:00  Terran Infantry Weapons Level 1, SCV  
  70  6:01  SCV, Starport Reactor  
  70  6:02  Terran Infantry Armor Level 1  
  72  6:04  Marine  
  72  6:05  Marine  
  72  6:06  Marine  
  72  6:09  Marine  
  76  6:12  Orbital Command  
  76  6:15  Marine  
  76  6:18  SCV  
  78  6:22  Marine  
  78  6:23  Marine  
  78  6:24  Marine  
  80  6:26  SCV  
  80  6:27  Marine  
  80  6:28  Siege Tank  
  80  6:32  SCV  
  86  6:33  Marine  
  86  6:38  SCV  
  87  6:40  Supply Depot, Marine  
  87  6:41  Marine  
  87  6:42  Orbital Command, Marine  
  87  6:46  Combat Shield  
  90  6:50  SCV, Marine  
  90  6:51  Marine  
  90  6:54  Supply Depot, Medivac x2  
  97  6:55  Supply Depot  
  97  6:58  Marine  
  97  7:00  SCV  
  99  7:01  Marine  
  99  7:02  SCV  
  99  7:04  Marine  
  99  7:09  Marine  
  99  7:10  Marine  
  99  7:14  Siege Tank  
  97  7:16  Marine  
  97  7:17  SCV  
  97  7:19  Marine  
  97  7:22  SCV  
  100  7:24  Medivac  
  100  7:26  Marine  
  100  7:27  SCV  
  100  7:29  Marine  
  105  7:36  Medivac  
  107  7:38  Marine  
  107  7:41  Marine  
  107  7:42  Marine  
  110  7:44  Marine  
  108  7:51  Marine  
  108  7:53  Medivac  
  108  7:55  Marine  
  104  7:59  Marine  
  104  8:02  Siege Tank, Marine  
  104  8:03  Marine  
  104  8:04  SCV x2  
  105  8:08  Orbital Command, Medivac  
  105  8:10  Marine  
  106  8:13  Marine  
  106  8:16  SCV x2  
  106  8:17  Marine  
  109  8:20  Marine  
  109  8:21  Marine  
  111  8:28  SCV x2, Marine  
  111  8:31  Marine  
  115  8:37  Marine  
  115  8:40  SCV  
  117  8:46  Armory, Supply Depot  
  117  8:47  Supply Depot  
  117  8:48  Supply Depot  
  117  8:52  SCV x2, Marine x3  
  117  8:54  Medivac  
  124  9:01  Marine  
  125  9:05  Siege Tank  
  125  9:07  Marine  
  112  9:11  Marine  
  112  9:15  Medivac  
  112  9:16  Marine  
  109  9:18  SCV x3  
  109  9:21  Refinery  
  109  9:22  Refinery  
  111  9:26  Marine x3  
  111  9:28  Sensor Tower  
  111  9:29  Marine  
  111  9:30  SCV x3  
  118  9:34  Marine  
  118  9:37  Siege Tank  
  122  9:42  SCV x2  
  122  9:43  SCV  
  122  9:44  Marine x3  
  128  9:50  Marine  
  128  9:52  Marine  
  130  9:54  SCV  
  130  9:55  SCV x2  
  133  10:02  Marine x3  
  133  10:07  SCV  
  137  10:08  Marine  
  137  10:09  Siege Tank  
  137  10:10  Marine  
  141  10:19  Marine  
  141  10:20  Marine x2  
  124  10:26  Marine  
  124  10:27  Marine  
Tags
 
Add a new tag
Caveats
  • Supply blocks, unpowered buildings, or Contaminate may cause inaccurate times.
  • Supply counts are checked every 10 seconds.